 Dungeon Sprint DCSS version 0.26-a0-708-g17f3b190f9 (webtiles) character file.

Game seed: 14866111678068974033

68042 olmar the Peltast (level 14, 0/152 (153) HPs)
             Began as a Deep Dwarf Fighter on Oct 28, 2020.
             Was an Initiate of Gozag.
             Slain by an Executioner (6 damage)
             ... summoned by Gloorx Vloq
             ... in the Dungeon (Sprint II: "The Violet Keep of Menkaure").
             The game lasted 00:16:38 (2124 turns).

olmar the Peltast (Deep Dwarf Fighter)              Turns: 2124, Time: 00:16:39

HP:   0/152 (153)   AC: 29    Str: 29    XL:     14   Next: 85%
MP:   0/0           EV:  8    Int:  8    God:    Gozag
Gold: 8577          SH: 17    Dex: 16    Spells: 13/13 levels left

rFire    + + +     SeeInvis +   S - +14 obsidian axe {vorpal, +Fly SInv *Curse} (curse)
rCold    + + .     Faith    .   c - +0 kite shield
rNeg     + + .     Spirit   .   D - +1 plate armour of Syndicalism {Rampage Str+2 Dex-2}
rPois    +         Reflect  .   Q - +1 hat
rElec    +         Harm     +   M - +1 cloak "Plog" {Harm rF+ Regen+}
rCorr    +         Rampage  +   G - +0 pair of fencer's gloves {Riposte Dex+3}
MR       ++++.     NoTele   +   (no boots)
Stlth    ..........             k - amulet "Myfothom" {Acrobat rF++ Dex-4}
HPRegen  0.00/turn              P - ring of Fun {rN+ AC+4 Str+3 Dex+3}
MPRegen  0.07/turn              F - ring "Vusiv Uph" {rElec rF+ MR++ Dex+4}

@: mighty, lethally poisoned (0 -> 0), resistant, stab, mesmerised,
non-regenerating, hasted and slowed, studying Translocations
A: damage resistance, heal wounds, cold resistance 1, dopey 1, negative energy
resistance 1, sense surroundings 2, no regeneration
a: Heal Wounds, Potion Petition, Call Merchant, Bribe Branch, Renounce Religion,
Evoke Flight


You were in the Dungeon.
You worshipped Gozag.
Gozag was greatly pleased with you.
You visited 1 branch You collected 17942 gold pieces.
You spent 4718 gold pieces at shops.
You paid 4647 gold pieces to Gozag.

Inventory:

Hand Weapons
 a - a +0 war axe
 A - the +1 flail "Impbane" {elec, rElec Str+3}
   (You bought it in a shop in the Dungeon)

   Occasionally, upon striking a foe, it will discharge some electrical energy
   and cause terrible harm.
   It affects your strength (+3).
   It insulates you from electricity.
 R - the +8 broad axe "Widiklu" {vorpal, Str+3}
   (You bought it in a shop in the Dungeon)

   It inflicts extra damage upon your enemies.
   It affects your strength (+3).
 S - the cursed +14 obsidian axe (weapon) {vorpal, +Fly SInv *Curse}
   (You found it in the Dungeon)

   It inflicts extra damage upon your enemies.
   It lets you see invisible.
   It lets you fly.
   It curses itself when equipped.
   It has a curse placed upon it.
Armour
 b - a +0 scale mail
 c - a +0 kite shield (worn)
 t - a +0 pair of gloves
 C - a scarf of resistance
 D - the +1 plate armour of Syndicalism (worn) {Rampage Str+2 Dex-2}
   (You bought it in a shop in the Dungeon)

   It affects your strength (+2).
   It affects your dexterity (-2).
   It bestows one free step when moving towards enemies.
 E - a +2 pair of gloves of archery
 G - the +0 pair of fencer's gloves (worn) {Riposte Dex+3}
   (You bought it in a shop in the Dungeon)

   It affects your dexterity (+3).
 M - the +1 cloak "Plog" (worn) {Harm rF+ Regen+}
   (You found it in the Dungeon)

   It protects you from fire.
   It increases your rate of regeneration.
   It increases damage dealt and taken.
 Q - a +1 hat (worn)
Jewellery
 f - the ring of the Stag {Wiz rPois rC++}
   (You acquired it in the Dungeon)

   [ring of wizardry]

   It improves your spell success rate.
   It greatly protects you from cold.
   It protects you from poison.
 g - an uncursed ring of flight {unknown}
 k - the amulet "Myfothom" (around neck) {Acrobat rF++ Dex-4}
   (You bought it in a shop in the Dungeon)

   [amulet of the acrobat]

   It helps you evade while moving and waiting.
   It affects your dexterity (-4).
   It greatly protects you from fire.
 p - an uncursed amulet of guardian spirit {unknown}
 x - a cursed amulet of inaccuracy {unknown}
 y - a cursed +4 ring of evasion {unknown}
 B - the ring of the Rose {rF+ rC+}
   (You bought it in a shop in the Dungeon)

   [ring of protection from cold]

   It protects you from fire.
   It protects you from cold.
 F - the ring "Vusiv Uph" (right hand) {rElec rF+ MR++ Dex+4}
   (You acquired it in the Dungeon)

   [ring of protection from fire]

   It affects your dexterity (+4).
   It protects you from fire.
   It insulates you from electricity.
   It affects your resistance to hostile enchantments.
 H - a +4 ring of evasion {unknown}
 K - a cursed -4 ring of strength {unknown}
 O - an uncursed ring of stealth
 P - the ring of Fun (left hand) {rN+ AC+4 Str+3 Dex+3}
   (You found it in the Dungeon)

   [ring of protection]

   It affects your AC (+4).
   It affects your strength (+3).
   It affects your dexterity (+3).
   It protects you from negative energy.
Wands
 d - a wand of random effects (2)
Scrolls
 j - 3 scrolls of blinking
 m - 2 scrolls of identify
 n - a scroll of enchant weapon {unknown}
 q - 3 scrolls of amnesia
 r - 2 scrolls of remove curse
 s - a scroll of fear {unknown}
 u - a scroll of enchant armour {unknown}
 I - a scroll of magic mapping {unknown}
Potions
 h - 5 potions of magic
 i - 2 potions of resistance
 o - 7 potions of flight
 v - 27 potions of mutation
 w - 3 potions of brilliance
Books
 N - a manual of Translocations
Miscellaneous
 e - a condenser vane (2/2)
 L - a phial of floods


   Skills:
 + Level 17.3 Fighting
 + Level 19.1(20.7) Axes
 - Level 13.5(17.2) Maces & Flails
 + Level 18.4 Armour
 + Level 20.3 Shields
 + Level 12.3 Evocations


You had 13 spell levels left.
You didn't know any spells.
Your spell library contained the following spells:

 Spells                   Type           Power        Failure   Level
 Animate Skeleton         Necr           #.....       90%         1
 Beastly Appendage        Tmut           #.....       90%         1
 Corona                   Hex            #......      90%         1
 Freeze                   Ice            #...         90%         1
 Pain                     Necr           #...         90%         1
 Wereblood                Tmut           #.......     97%         2
 Frozen Ramparts          Ice            #.....       99%         3
 Spider Form              Tmut/Pois      #.........   99%         3
 Tukima's Dance           Hex            #.......     99%         3
 Vampiric Draining        Necr           #.........   99%         3
 Animate Dead             Necr           #.........   100%        4
 Ice Form                 Ice/Tmut       #.......     100%        4
 Agony                    Necr           #.......     100%        5
 Blade Hands              Tmut           #.........   100%        5
 Irradiate                Conj/Tmut      #.........   100%        5
 Silence                  Hex/Air        #.........   100%        5
 Death Channel            Necr           #.........   100%        6
 Dispersal                Tloc           #.........   100%        6
 Eringya's Noxious Bog    Tmut/Pois      #.........   100%        6
 Hydra Form               Tmut           #.........   100%        6
 Invisibility             Hex            #.......     100%        6
 Simulacrum               Ice/Necr       #.........   100%        6
 Starburst                Conj/Fire      #.........   100%        6
 Statue Form              Tmut/Erth      #........    100%        6
 Dragon Form              Tmut           #.........   100%        7


Dungeon Overview and Level Annotations

Branches:
Dungeon (1/1)

Altars:
Cheibriados
Dithmenos
Elyvilon
Fedhas
Gozag
Hepliaklqana
Kikubaaqudgha
Makhleb
Nemelex Xobeh
Okawaru
Qazlal
Ru
Sif Muna
Trog
Uskayaw
Vehumet
Wu Jian
Xom
Yredelemnul
Zin
The Shining One
Beogh
Jiyva
Lugonu

Shops:
D [((!::?*=!*=[*[(:?!}[!=(:[}=[(=*}[=(

Annotations:
D exclusion: oklob plant, Gloorx Vloq


Innate Abilities, Weirdness & Mutations

You are resistant to damage.
You can heal yourself by infusing magical energy.
You resist negative energy. (rN+)
You passively map the area around you.
You do not regenerate.
Your flesh is cold resistant. (rC+)
You are dopey. (Int -2)


Message History

The golden eye blinks!
Unknown command.
Unknown command.
Unknown command.
Your magical essence is drained by the effort!
You feel much better.
You are engulfed in dark miasma.
You feel your flesh rotting away!
* * * LOW HITPOINT WARNING * * *
You block the Executioner's attack. The Executioner completely misses you.
The Executioner hits you but does no damage. x3
You block the Executioner's attack. The Executioner hits you!
* * * LOW HITPOINT WARNING * * *
The Executioner barely misses you. The Executioner hits you.
* * * LOW HITPOINT WARNING * * *
The Executioner hits you.
* * * LOW HITPOINT WARNING * * *
The Executioner hits you but does no damage.
The Executioner hits you.
You die...
Your body crumbles into a pile of gold. * # ▓▓▓▓▓▓▓▓▓▓▓▓▓▓▓▓▓▓▓▓▓▓▓▓ # , *▓..W3M&@°°'..♣♣.....♣♣.. # $ $$ $ ▓..M.1▓11°▓.♣♣..♣...♣♣.. # $ ▓.GWV

▓°▓▓▓.♣♣..♣♣..♣♣.. ## $
, ▓▓▓.
▓.°.▓.♣♣..♣♣..♣.≈^ .##
$*
$*▓▓+▓▓▓▓.▓.♣...♣♣.^...^
..# + * ,
+.○.▓0..▓.....▓▓▓▓▓▓▓▓
°## ,
#°..▓▓▓▓▓▓▓▓▓▓▓▓▓▓▓▓▓.
##, , ,
#°°.▓§≈≈≈§≈≈≈▓▓▓.^..▓.
##* *, , ,
#==▓▓▓▓▓▓▓▓▓▓▓▓'▓▓^▓.


You could see Gloorx Vloq, a greater mummy, 3 Executioners, a soul eater
(summoned), a flayed ghost (summoned), a phantasmal warrior (summoned), a
vampire (summoned, invisible), a mummy (summoned) and a golden eye.

Vanquished Creatures
  A golden dragon (D)
  A hellephant (D)
  A deep elf blademaster (D)
  A kraken (D)
  2 quicksilver dragons (D)
  Gastronok (D)
  Kirke (D)
  A storm dragon (D)
  2 sphinxes (D)
  Roxanne (D)
  A draconian shifter (D)
  A vampire knight (D)
  2 lorocyprocas (D)
  A dire elephant (D)
  A yaktaur captain (D)
  A great orb of eyes (D)
  2 boulder beetles (D)
  A centaur warrior (D)
  A hell hog (D)
  Sonja (D)
  3 sixfirhies (D)
  2 deep trolls (D)
  A skeletal warrior (D)
  A glowing orange brain (D)
  A harpy (D)
  3 orc sorcerers (D)
  2 slime creatures (D)
  3 manticores (D)
  12 shining eyes (D)
  An elephant (D)
  A merfolk siren (D)
  An ice statue (D)
  An eye of devastation (D)
  A yaktaur (D)
  A kobold demonologist (D)
  A hornet (D)
  2 polar bears (D)
  A blink frog (D)
  18 flying skulls (D)
  2 wyverns (D)
  Menkaure (D)
  4 water moccasins (D)
  10 floating eyes (D)
  A necrophage (D)
  A jelly (D)
  An iron imp (D)
  4 worker ants (D)
  A spectral adder (D)
  A spectral bat (D)
  A ballistomycete spore (D)
  A tentacle (D)
108 creatures vanquished.

Vanquished Creatures (collateral kills)
  A quicksilver dragon (D)
  Murray (D)
  A lorocyproca (D)
3 creatures vanquished.

Vanquished Creatures (others)
  A hell hog (D)
  A polar bear (D)
  A ballistomycete spore (D)
  7 tentacles (D)
10 creatures vanquished.

Grand Total: 121 creatures vanquished

Notes
Turn   | Place    | Note
-------+----------+-------------------------------------------
     0 | D        | olmar the Deep Dwarf Fighter began the quest for the Orb.
     0 | D        | Reached XP level 1. HP: 20/20 MP: 1/1
     1 | D        | Noticed a boulder beetle
     1 | D        | Noticed a boulder beetle
     4 | D        | Noticed a worker ant
     4 | D        | Noticed a worker ant
     4 | D        | Noticed a worker ant
     4 | D        | Noticed a worker ant
     7 | D        | Killed a worker ant
     7 | D        | Reached skill level 4 in Shields
     7 | D        | Reached XP level 2. HP: 30/30 MP: 2/2
     9 | D        | Reached skill level 5 in Armour
     9 | D        | Reached skill level 5 in Shields
     9 | D        | Reached XP level 3. HP: 37/37 MP: 3/3
    11 | D        | Reached XP level 4. HP: 45/45 MP: 4/4
    18 | D        | Reached skill level 5 in Fighting
    18 | D        | Reached skill level 6 in Shields
    25 | D        | Noticed an ice statue
    26 | D        | Noticed Menkaure
    27 | D        | Noticed a water moccasin
    34 | D        | Killed a water moccasin
    37 | D        | Killed Menkaure
    37 | D        | Reached skill level 5 in Axes
    37 | D        | Reached skill level 7 in Shields
    37 | D        | Reached XP level 5. HP: 33/56 MP: 5/5
    48 | D        | Found an iron altar of Okawaru.
    48 | D        | Found an opulent altar of Gozag.
    49 | D        | Found a sparkling altar of Nemelex Xobeh.
    49 | D        | Found a blossoming altar of Fedhas.
    50 | D        | Found a radiant altar of Vehumet.
    50 | D        | Found a burning altar of Makhleb.
    50 | D        | Found a white marble altar of Elyvilon.
    51 | D        | Found a hide-covered altar of Uskayaw.
    51 | D        | Found a corrupted altar of Lugonu.
    51 | D        | Found a shadowy altar of Dithmenos.
    52 | D        | Found a glowing silver altar of Zin.
    52 | D        | Found a bloodstained altar of Trog.
    52 | D        | Found an ancient bone altar of Kikubaaqudgha.
    52 | D        | Found a snail-covered altar of Cheibriados.
    53 | D        | Found a basalt altar of Yredelemnul.
    53 | D        | Found a shimmering blue altar of Sif Muna.
    53 | D        | Found a viscous altar of Jiyva.
    54 | D        | Found a shimmering altar of Xom.
    54 | D        | Found a sacrificial altar of Ru.
    56 | D        | Found a glowing golden altar of the Shining One.
    56 | D        | Found an ornate altar of the Wu Jian Council.
    56 | D        | Found a stormy altar of Qazlal.
    56 | D        | Found a hazy altar of Hepliaklqana.
    57 | D        | Found a roughly hewn altar of Beogh.
    60 | D        | Became a worshipper of Gozag Ym Sagoz the Greedy
    72 | D        | Noticed a wyvern
    85 | D        | Killed a wyvern
    85 | D        | Reached skill level 8 in Shields
    85 | D        | Reached XP level 6. HP: 59/66 MP: 5/5
    88 | D        | Noticed a wyvern
    94 | D        | Killed a wyvern
    94 | D        | Reached XP level 7. HP: 67/74 MP: 6/6
   105 | D        | Noticed a merfolk siren
   140 | D        | Killed a merfolk siren
   140 | D        | Reached skill level 10 in Axes
   140 | D        | Reached skill level 9 in Shields
   144 | D        | Noticed a flying skull
   144 | D        | Noticed a flying skull
   144 | D        | Noticed a flying skull
   144 | D        | Noticed a flying skull
   144 | D        | Noticed a flying skull
   144 | D        | Noticed a flying skull
   145 | D        | Noticed a flying skull
   145 | D        | Noticed a flying skull
   145 | D        | Noticed a flying skull
   145 | D        | Noticed a flying skull
   145 | D        | Noticed a flying skull
   149 | D        | Found Deop's Jewellery Emporium.
   150 | D        | Found Oshe's Distillery.
   150 | D        | Found Gyduent's Magic Scroll Shoppe.
   151 | D        | Noticed a blink frog
   164 | D        | Killed a blink frog
   164 | D        | Reached XP level 8. HP: 72/85 MP: 7/7
   165 | D        | Found Atuywk's Antique Armour Shoppe.
   165 | D        | Found Qobuuko's Book Emporium.
   167 | D        | Found Qiala's Jewellery Emporium.
   167 | D        | Found Neahueng's Gadget Emporium.
   167 | D        | Found Giojog's Distillery.
   168 | D        | Found Ihuegor's Antique Weapon Shoppe.
   169 | D        | Found Soiry's Antique Armour Shoppe.
   171 | D        | Found Wajon's Jewellery Emporium.
   171 | D        | Found Mujoheh's General Store.
   171 | D        | Noticed an oklob plant
   172 | D        | Found Jilousaq's Distillery.
   172 | D        | Found Joff's Antique Weapon Emporium.
   172 | D        | Found Acvokkic's Book Shoppe.
   176 | D        | Bought a condenser vane (2/2) for 280 gold pieces
   180 | D        | Bought a potion of resistance for 120 gold pieces
   182 | D        | Bought the amulet "Myfothom" {Acrobat rF++ Dex-4} for 461
                  | gold pieces
   199 | D        | Noticed a flying skull
   220 | D        | Noticed a polar bear
   221 | D        | Noticed a yaktaur
   221 | D        | Noticed a hornet
   223 | D        | Noticed a polar bear
   224 | D        | Killed a polar bear
   224 | D        | Reached skill level 10 in Shields
   226 | D        | Killed a polar bear
   231 | D        | Killed a hornet
   235 | D        | Killed a polar bear
   240 | D        | Killed a yaktaur
   240 | D        | Reached skill level 10 in Fighting
   260 | D        | Noticed a kraken
   273 | D        | Killed a kraken
   273 | D        | Reached skill level 10 in Armour
   273 | D        | Reached skill level 11 in Shields
   273 | D        | Gained mutation: You passively map the area around you.
                  | [Deep Dwarf growth]
   273 | D        | Reached XP level 9. HP: 28/97 MP: 7/7
   408 | D        | Reached skill level 15 in Axes
   408 | D        | Reached skill level 12 in Shields
   411 | D        | Reached XP level 10. HP: 96/104 MP: 8/8
   422 | D        | Noticed a deep troll
   422 | D        | Noticed a deep troll
   431 | D        | Killed a deep troll
   440 | D        | Killed a deep troll
   468 | D        | Noticed a sphinx
   468 | D        | Noticed a sphinx
   475 | D        | Killed a sphinx
   475 | D        | Reached skill level 13 in Shields
   479 | D        | Killed a sphinx
   479 | D        | Reached XP level 11. HP: 69/115 MP: 9/9
   544 | D        | Noticed an obsidian statue
   602 | D        | Killed a boulder beetle
   633 | D        | Killed a boulder beetle
   661 | D        | Noticed an iron elemental
   665 | D        | Bought a potion of curing for 33 gold pieces
   665 | D        | Bought a potion of haste for 110 gold pieces
   665 | D        | Bought a potion of heal wounds for 55 gold pieces
   665 | D        | Bought a potion of curing for 33 gold pieces
   665 | D        | Bought a potion of curing for 33 gold pieces
   665 | D        | Bought 2 potions of curing for 66 gold pieces
   669 | D        | Bought a warped flail for 178 gold pieces
   669 | D        | Identified the cursed +1 flail "Impbane" {elec, rElec
                  | Str+3} (You bought it in a shop in the Dungeon)
   675 | D        | Bought the ring of the Rose {rF+ rC+} for 507 gold pieces
   693 | D        | Noticed a centaur warrior
   693 | D        | Noticed Kirke
   693 | D        | Noticed a skeletal warrior
   693 | D        | Noticed a yaktaur captain
   696 | D        | Noticed a sphinx
   700 | D        | Killed a yaktaur captain
   700 | D        | Reached skill level 14 in Shields
   706 | D        | Reached skill level 1 in Maces & Flails
   706 | D        | Reached skill level 5 in Evocations
   712 | D        | Killed a centaur warrior
   712 | D        | Killed Kirke
   724 | D        | Killed a skeletal warrior
   771 | D        | Noticed a hell hog
   771 | D        | Noticed a hell hog
   776 | D        | Killed a hell hog
   776 | D        | Reached skill level 15 in Shields
   779 | D        | Killed a hell hog
   779 | D        | Reached XP level 12. HP: 60/127 MP: 10/10
   794 | D        | Noticed a great orb of eyes
   803 | D        | Reached skill level 5 in Maces & Flails
   804 | D        | Killed a great orb of eyes
   832 | D        | Found Qamaifre's Antique Armour Emporium.
   832 | D        | Found Caomof's Book Shop.
   832 | D        | Found Murall's Antique Weapon Shop.
   832 | D        | Found Dotiepp's Magic Scroll Shoppe.
   832 | D        | Found Hop Oliz's General Store.
   834 | D        | Found Feumonwe's Distillery.
   834 | D        | Found Waven's Armour Boutique.
   834 | D        | Found Hocahus's Antique Weapon Emporium.
   834 | D        | Found Poux's Gadget Shop.
   834 | D        | Found Bihil's Assorted Antiques.
   834 | D        | Found Voohorug's Book Shop.
   834 | D        | Found Irydech's Antique Armour Shoppe.
   838 | D        | Bought a runed scarf for 184 gold pieces
   838 | D        | Bought a bloodstained plate armour for 644 gold pieces
   838 | D        | Bought a pair of glowing gloves for 172 gold pieces
   848 | D        | Identified the cursed +1 plate armour of Syndicalism
                  | {Rampage Str+2 Dex-2} (You bought it in a shop in the
                  | Dungeon)
   861 | D        | Bought a potion of ambrosia for 104 gold pieces
   863 | D        | Bought the +0 pair of fencer's gloves {Riposte Dex+3} for
                  | 560 gold pieces
   863 | D        | Found the +0 pair of fencer's gloves {Riposte Dex+3}
   864 | D        | Bought a potion of resistance for 230 gold pieces
   927 | D        | Noticed a storm dragon
   956 | D        | Killed a storm dragon
   965 | D        | Found Keocwy's Jewellery Boutique.
   965 | D        | Found Akeyr's Antique Weapon Shoppe.
   965 | D        | Found Arijackeyd's Antique Armour Emporium.
   965 | D        | Found Ocijaunt's Jewellery Boutique.
   965 | D        | Noticed a golden dragon
   980 | D        | Killed a golden dragon
   980 | D        | Reached skill level 15 in Armour
   980 | D        | Reached skill level 16 in Shields
  1057 | D        | Reached XP level 13. HP: 136/136 MP: 9/9
  1058 | D        | Identified 3 scrolls of acquirement
  1059 | D        | Acquired 924 gold pieces
  1060 | D        | Acquired the ring of the Stag {Wiz rPois rC++}
  1062 | D        | Acquired 924 gold pieces
  1120 | D        | Reached skill level 10 in Maces & Flails
  1267 | D        | Noticed a hellephant
  1268 | D        | Noticed a black draconian shifter
  1268 | D        | Noticed Sonja
  1272 | D        | Killed Sonja
  1283 | D        | Killed a black draconian shifter
  1288 | D        | Killed a hellephant
  1288 | D        | Reached skill level 17 in Shields
  1480 | D        | Identified Roxanne's Tome of Moulding
  1480 | D        | Noticed Roxanne
  1481 | D        | Noticed a deep elf blademaster
  1510 | D        | Killed a deep elf blademaster
  1510 | D        | Reached skill level 15 in Fighting
  1510 | D        | Reached skill level 18 in Shields
  1510 | D        | Gained mutation: You resist negative energy. (rN+) [Deep
                  | Dwarf growth]
  1510 | D        | Reached XP level 14. HP: 101/147 MP: 7/7
  1560 | D        | Killed Roxanne
  1646 | D        | Got a polished cloak
  1660 | D        | Identified the Handbook of the Congealing Oath
  1680 | D        | Identified Xisuil Tedgh's Witchcraft, Part Six
  1683 | D        | Got an ancient copper ring
  1700 | D        | Identified the +1 cloak "Plog" {Harm rF+ Regen+} (You found
                  | it in the Dungeon)
  1700 | D        | Acquired 799 gold pieces
  1702 | D        | Identified the ring of Fun {rN+ AC+4 Str+3 Dex+3} (You
                  | found it in the Dungeon)
  1706 | D        | Acquired 764 gold pieces
  1707 | D        | Acquired 595 gold pieces
  1708 | D        | Acquired 752 gold pieces
  1709 | D        | Acquired the ring "Vusiv Uph" {rElec rF+ MR++ Dex+4}
  1714 | D        | Noticed Gastronok
  1722 | D        | Killed Gastronok
  1754 | D        | Bought the +8 broad axe "Widiklu" {vorpal, Str+3} for 948
                  | gold pieces
  1812 | D        | Gained mutation: You are weak. (Str -2) [a shining eye]
  1812 | D        | Gained mutation: You tend to lose your temper in combat. [a
                  | shining eye]
  1813 | D        | Gained mutation: You are frail. (-10% HP) [a shining eye]
  1813 | D        | Gained mutation: Scrolls take you a little longer to read.
                  | [a shining eye]
  1813 | D        | Paralysed by a floating eye for 2 turns
  1815 | D        | Reached skill level 19 in Shields
  1817 | D        | Reached skill level 10 in Evocations
  1817 | D        | Gained mutation: You are partially covered in rugged brown
                  | scales. (AC +1, +3% HP) [a shining eye]
  1876 | D        | Found the cursed +14 obsidian axe {vorpal, +Fly SInv
                  | *Curse}
  1925 | D        | Lost mutation: You tend to lose your temper in combat.
                  | [potion of mutation]
  1925 | D        | Lost mutation: You are frail. (-10% HP) [potion of
                  | mutation]
  1925 | D        | Lost mutation: Scrolls take you a little longer to read.
                  | [potion of mutation]
  1925 | D        | Lost mutation: You are partially covered in rugged brown
                  | scales. (AC +1, +3% HP) [potion of mutation]
  1925 | D        | Gained mutation: You occasionally shout uncontrollably at
                  | your foes. [potion of mutation]
  1925 | D        | Lost mutation: You are weak. (Str -2) [potion of mutation]
  1926 | D        | Lost mutation: You occasionally shout uncontrollably at
                  | your foes. [potion of mutation]
  1926 | D        | Gained mutation: You are dopey. (Int -2) [potion of
                  | mutation]
  1926 | D        | Gained mutation: Your flesh is cold resistant. (rC+)
                  | [potion of mutation]
  1977 | D        | Noticed a quicksilver dragon
  1980 | D        | Noticed a quicksilver dragon
  1981 | D        | Killed a quicksilver dragon
  1988 | D        | Killed a quicksilver dragon
  1988 | D        | Reached skill level 20 in Shields
  2001 | D        | Noticed a quicksilver dragon
  2006 | D        | Killed a quicksilver dragon
  2085 | D        | Noticed Murray
  2101 | D        | Killed Murray
  2109 | D        | Noticed a greater mummy
  2109 | D        | Noticed a vampire knight
  2109 | D        | Noticed Gloorx Vloq
  2110 | D        | Noticed an Executioner
  2111 | D        | Noticed an Executioner
  2111 | D        | Noticed an Executioner
  2111 | D        | Noticed a curse toe
  2112 | D        | Killed a vampire knight
  2119 | D        | Noticed an Executioner
  2119 | D        | Noticed an Executioner
  2124 | D        | HP: 7/152 [Executioner[Gloorx Vloq] (4)]
  2124 | D        | Slain by an Executioner

Illustrated notes

Levels and vault maps discovered:
D:        the_violet_keep_of_menkaure [sprint2_stairs_cluster_1,
          sprint2_shoproom, sprint2_temple, sprint2_basic_supplies,
          sprint2_obstacle_1, sprint2_obstacle_3, sprint2_obstacle_2,
          sprint2_obstacle_5, sprint2_obstacle_6, sprint2_timed_cluster_1,
          sprint2_smallroom_cluster_1, sprint2_smallroom_final_cluster_1,
          sprint2_transparent_cluster_1, sprint2_second_timed_cluster_1,
          sprint2_sniper_area_1, sprint2_heavy_combat_area_1,
          sprint2_mutation_trap_area_1, sprint2_forest_area_1,
          sprint2_light_combat_area_1, sprint2_behind_water_1,
          sprint2_near_end_vault_1]

Skill      XL: |  1  2  3  4  5  6  7  8  9 10 11 12 13 14 |
---------------+-------------------------------------------+-----
Fighting       | 3 4 6 7 8 9 11 12 13 14 15 17 | 17.3
Armour         | 4 5 7 8 9 10 11 12 14 15 16 18 | 18.4
Shields        | 4 5 7 8 9 11 12 13 15 16 18 20 | 20.3
Axes           | 3 5 7 8 10 14 15 17 18 19 | 19.1
Evocations     | 2 4 6 7 8 12 | 12.3
Maces & Flails | 4 9 12 13 | 13.5

Action                   |  1- 3 |  4- 6 |  7- 9 | 10-12 | 13-15 || total
-------------------------+-------+-------+-------+-------+-------++-------
Melee: War axe           |     6 |    29 |    76 |    38 |       ||   149
       Flail             |       |       |       |   101 |   263 ||   364
       Broad axe         |       |       |       |       |    50 ||    50
Invok: Call Merchant     |       |       |       |       |     5 ||     5
       Potion Petition   |       |       |       |       |     2 ||     2
 Abil: Heal Wounds       |       |     3 |     1 |    14 |    28 ||    46
Evoke: Condenser vane    |       |       |     2 |     9 |    15 ||    26
       Wand              |       |       |       |       |     2 ||     2
       Phial of floods   |       |       |       |       |     1 ||     1
  Use: Potion            |     1 |     1 |     2 |    14 |    10 ||    28
       Scroll            |       |       |     2 |     3 |    11 ||    16
 Stab: Distracted        |       |       |     2 |       |     1 ||     3
       Confused          |       |       |     3 |     3 |       ||     6
       Sleeping          |       |       |       |     5 |     1 ||     6
Armor: Scale mail        |     1 |     6 |     8 |     9 |       ||    24
       Plate armour      |       |       |       |    28 |    97 ||   125
Dodge: Dodged            |     1 |     9 |    19 |    35 |    51 ||   115
Block: Kite shield       |     1 |    26 |    27 |    57 |   161 ||   272
       Rpst.: Flail      |       |       |       |       |     5 ||     5

Table legend: (Time is in decaauts)
 A = Elapsed time spent in this place.
 B = Non-inter-level travel time spent in this place.
 C = Inter-level travel time spent in this place.
 D = Time resting spent in this place.
 E = Time spent auto-exploring this place.
 F = Levels seen in this place.
 G = Mean time per level.
                   A        B        C        D        E       F      G
               +--------+--------+--------+--------+--------+-----+--------+
         Total |   2083 |   2006 |     77 |    187 |      0 |   1 | 2083.0 |
       Dungeon |   2083 |   2006 |     77 |    187 |      0 |   1 | 2083.0 |
               +--------+--------+--------+--------+--------+-----+--------+

Top non-repeatable levels by time:
       D: 2083 daAuts
